 Dungeon Crawl Stone Soup version 0.31.0-9-g3a7656b989 (webtiles) character file.

Game seed: 8980969122035729959

78 qw the Shooter (level 4, -1/25 HPs)
             Began as a Deep Elf Hunter on Feb 2, 2024.
             Slain by a hobgoblin (4 damage)
             ... on level 2 of the Dungeon.
             The game lasted 00:00:07 (1404 turns).

qw the Shooter (Deep Elf Hunter)                    Turns: 1404, Time: 00:00:07

Health: -1/25      AC:  7    Str: 10    XL:     4   Next: 15%
Magic:  6/6        EV: 11    Int: 14    God:
Gold:   53         SH:  0    Dex: 18    Spells: 3/3 levels left

rFire   . . .        a - +0 shortbow
rCold   . . .        (shield currently unavailable)
rNeg    . . .        n - +0 ring mail
rPois   .            (no helmet)
rElec   .            (no cloak)
rCorr   .            j - +1 pair of gloves
SInv    .            (no boots)
Will    .....        (no amulet)
Stlth   +            (no ring)
HPRegen 0.24/turn    (no ring)
MPRegen 0.10/turn

%: no passive effects
@: no status effects
A: no striking features
a: no special abilities


You were on level 2 of the Dungeon.
You visited 1 branch of the dungeon, and saw 3 of its levels.

You collected 53 gold pieces.


   Skills:
 - Level 1.5 Fighting
 + Level 7.6 Ranged Weapons
 - Level 2.4 Dodging
 - Level 1.2 Stealth


You had 3 spell levels left.
You didn't know any spells.
Your spell library was empty.

Inventory:

Hand Weapons
 a - a +0 shortbow (weapon)
Armour
 j - a +1 pair of gloves (worn)
 n - a +0 ring mail (worn)
Wands
 o - a wand of mindburst (13)
Potions
 d - 3 potions of might
 k - a potion of curing {unknown}

Dungeon Overview and Level Annotations

Branches:
Dungeon (3/15)

Altars:


Message History

Waypoint 2 assigned to D:3.
1393 ||| STAIRDANCE The hobgoblin is attracted toward you.
The orc is attracted toward you. x2
You feel less attractive to monsters.
You climb upwards.
There is a stone staircase leading down here.
You climb downwards.
The ribbon worm expels a string of sticky webbing.
The stream of webbing hits you but does no damage.
You are caught in a web!
The orc hits you but does no damage. x2
An orc comes into view. It is wielding a +0 dagger.
The hobgoblin hits you.
There is a stone staircase leading up here.
The hobgoblin hits you but does no damage.
The orc hits you with a +0 war axe. The orc barely misses you.
1398 ||| STAIRDANCE The ribbon worm misses you.
The orc hits you with a +0 whip. The hobgoblin hits you.
The orc closely misses you.
You climb upwards.
There is a stone staircase leading down here.
You shoot an arrow. The arrow hits the ribbon worm.
The ribbon worm is lightly wounded.
The hobgoblin closely misses you. The orc barely misses you.
The orc closely misses you. The ribbon worm bites you.
You shoot an arrow. The arrow hits the ribbon worm!
The ribbon worm is severely wounded.
The hobgoblin hits you. The orc barely misses you. The orc misses you.
The ribbon worm expels a string of sticky webbing.
The stream of webbing hits you but does no damage.
You are caught in a web!
The hobgoblin barely misses you. The orc hits you but does no damage.
The orc hits you with a +0 war axe. The ribbon worm bites you.
You shoot an arrow. The arrow hits the ribbon worm!
The ribbon worm is almost dead.
The hobgoblin hits you but does no damage.
The orc hits you but does no damage. x2; The ribbon worm barely misses you.
You shoot an arrow. The arrow hits the ribbon worm.
The ribbon worm is almost dead.
The hobgoblin hits you.
You die...

...................#####¤#
.##..#######.#..##....¤¤¤#
.###.### #.##.##########
.# #...# #....# ##
###.#######..# #
#....#####.## #
####...###..## ####
###..##..w## ...#
##...o@o.## ##.###
####g##..##
##...##########......##
......................#
.########.....#####...#
...##########.....#...#
##.......# #####.#...#
#######.#### #.>..##
#....## ####).##


You could see a ribbon worm, 2 orcs and a hobgoblin.

Vanquished Creatures
  An adder (D:2)
  2 dart slugs
  A ribbon worm (D:2)
  An orc (D:2)
  3 ball pythons
  4 endoplasms
  3 giant cockroaches (D:1)
  5 goblins
  5 hobgoblins (D:1)
  4 jackals (D:2)
  12 kobolds
  4 quokkas
  5 bats
  A frilled lizard (D:2)
  5 rats
56 creatures vanquished.

Notes
Turn   | Place    | Note
-------+----------+-------------------------------------------
     0 | D:1      | qw the Deep Elf Hunter began the quest for the Orb.
     0 | D:1      | Reached XP level 1. HP: 12/12 MP: 3/3
     0 | D:1      | 0 ||| qw: Version: 0.3-a-155-g5e7d8dd
     0 | D:1      | 0 ||| qw: Game counter: 2149
     0 | D:1      | 0 ||| qw: Melee chars always use a shield: true
     0 | D:1      | 0 ||| qw: God list: Okawaru
     0 | D:1      | 0 ||| qw: Allow faded altars: false
     0 | D:1      | 0 ||| qw: Do Orc after clearing Dungeon:15 true
     0 | D:1      | 0 ||| qw: Do second Lair branch before Depths: true
     0 | D:1      | 0 ||| qw: Lair rune preference: random
     0 | D:1      | 0 ||| qw: Goals: Normal
     0 | D:1      | 0 ||| PLANNING D:1-11
   128 | D:1      | Reached skill level 6 in Ranged Weapons
   128 | D:1      | Reached XP level 2. HP: 16/16 MP: 4/4
   314 | D:1      | 314 ||| READING 2 scrolls labelled FIOMIE QEASKE.
   314 | D:1      | 314 ||| IDENTIFYING ruby potion
   315 | D:1      | 315 ||| READING scroll of identify.
   315 | D:1      | 315 ||| IDENTIFYING 2 purple potions
   316 | D:1      | 316 ||| DROPPING scroll of butterflies.
   317 | D:1      | 317 ||| DROPPING potion of degeneration.
   426 | D:1      | Reached XP level 3. HP: 20/20 MP: 5/5
   795 | D:2      | Reached skill level 7 in Ranged Weapons
  1016 | D:2      | Reached XP level 4. HP: 25/25 MP: 6/6
  1341 | D:2      | 1341 ||| UPGRADING to +0 pair of gloves.
  1346 | D:2      | 1346 ||| UPGRADING to +0 ring mail.
  1356 | D:2      | 1356 ||| DROPPING +0 leather armour.
  1357 | D:2      | 1357 ||| READING scroll labelled GEOTTAOCLA.
  1358 | D:2      | 1358 ||| READING scroll labelled YWUGIDGH ENKUXT.
  1358 | D:2      | 1358 ||| ENCHANTING +0 pair of gloves.
  1359 | D:2      | 1359 ||| READING scroll labelled CYUG XUOWEUDON.
  1360 | D:2      | 1360 ||| READING scroll labelled VEOGAA UHEIPU.
  1361 | D:2      | 1361 ||| READING scroll labelled SEOHUSK JIOCK.
  1364 | D:2      | 1364 ||| READING scroll labelled VEZANIDYO.
  1365 | D:2      | 1365 ||| DRINKING 2 glowing ruby potions.
  1366 | D:2      | 1366 ||| DRINKING 2 sedimented cyan potions.
  1367 | D:2      | 1367 ||| DROPPING potion of magic.
  1368 | D:2      | 1368 ||| DROPPING potion of attraction.
  1393 | D:3      | 1393 ||| STAIRDANCE
  1398 | D:3      | 1398 ||| STAIRDANCE
  1402 | D:2      | HP: 4/25 [orc/+0 war axe (4)]
  1404 | D:2      | Slain by a hobgoblin

Levels and vault maps discovered:
D:1:      eino_arrival_cavern_a, layout_basic, hangedman_glass_teeth
D:2:      layout_rooms
D:3:      layout_rooms, lemuel_doored_altar, serial_corexii_hall,
          corexii_hall_statues_i, corexii_hall_statues_l, minmay_rat_hole,
          uniq_jessica

Skill      XL: |  1  2  3 |
---------------+----------+-----
Ranged Weapons | 6 7 |  7.6
Fighting       | |  1.5
Dodging        | |  2.4
Stealth        | |  1.2

Action                     |  1- 3 |  4- 6 || total
---------------------------+-------+-------++-------
   Fire: Shortbow          |   138 |    28 ||   166
    Use: Scroll            |     2 |     6 ||     8
         Potion            |       |     2 ||     2
 Armour: Leather armour    |    23 |     4 ||    27
         Ring mail         |       |    16 ||    16
  Dodge: Dodged            |    32 |    15 ||    47

Table legend:
 A = Non-vault XP
 B = Vault XP
 C = Vault XP percentage of total XP
 D = Non-vault monster count
 E = Vault monster count
 F = Vault count percentage of total count
                 A         B        C        D         E       F
            +---------+---------+-------+---------+---------+-------
      Total |     112 |       0 |   0.0 |      56 |       0 |   0.0
            +---------+---------+-------+---------+---------+-------
        D:1 |      58 |       0 |   0.0 |      32 |       0 |   0.0
        D:2 |      54 |       0 |   0.0 |      24 |       0 |   0.0
            +---------+---------+-------+---------+---------+-------
